 Dungeon Crawl Stone Soup version 0.30-a0-953-g5f1da4a474 (webtiles) character file.

Game seed: 8361202304197432711

1423 mopl the Magician (level 8, -6/42 HPs)
             Began as a Deep Elf Earth Elementalist on Mar 28, 2023.
             Mangled by an ogre
             ... wielding a +0 giant spiked club
              (14 damage)
             ... on level 6 of the Dungeon.
             The game lasted 00:08:13 (5014 turns).

mopl the Magician (Deep Elf Earth Elementalist)     Turns: 5014, Time: 00:08:14

Health: -6/42      AC:  4    Str:  5    XL:     8   Next: 44%
Magic:  0/21       EV: 13    Int: 23    God:
Gold:   291        SH:  0    Dex: 21    Spells: 14/21 levels left

rFire   + . .      SeeInvis .    a - +0 dagger (drain)
rCold   . . .      Faith    .    (no shield)
rNeg    . . .      Spirit   +    f - +0 robe
rPois   .          Reflect  .    (no helmet)
rElec   .          Rampage  .    s - +1 cloak
rCorr   .                        (no gloves)
Will    .....                    (no boots)
Stlth   ++++                     e - amulet of guardian spirit
HPRegen 0.27/turn                h - +6 ring of dexterity
MPRegen 0.17/turn                B - ring of protection from fire

@: no status effects
A: no striking features
a: no special abilities


You were on level 6 of the Dungeon.
You visited 1 branch of the dungeon, and saw 6 of its levels.
You also visited: Sewer.

You collected 291 gold pieces.

Inventory:

Hand Weapons
 a - a +0 dagger of draining (weapon)
Missiles
 l - 8 poisoned darts
Armour
 f - a +0 robe (worn)
 s - a +1 cloak (worn)
Jewellery
 e - an amulet of guardian spirit (around neck)
 h - a +6 ring of dexterity (left hand)
 n - an amulet of reflection
 B - a ring of protection from fire (right hand)
Wands
 y - a wand of paralysis (22)
Scrolls
 c - 2 scrolls of blinking {unknown}
 d - 3 scrolls of vulnerability {unknown}
 i - 2 scrolls of enchant weapon {unknown}
 j - a scroll of fog {unknown}
 k - 2 scrolls of silence {unknown}
 m - a scroll of teleportation {unknown}
 o - 5 scrolls of fear {unknown}
 p - 2 scrolls of noise {unknown}
 q - a scroll of enchant armour {unknown}
 t - 2 scrolls of immolation {unknown}
Potions
 b - a potion of magic
 g - a potion of flight
 r - 3 potions of curing
 u - 2 potions of resistance {unknown}
 v - 2 potions of haste
 w - 2 potions of brilliance
 x - a potion of invisibility
 z - a potion of heal wounds
 A - 2 potions of attraction {unknown}
 C - a potion of lignification {!q}


   Skills:
 + Level 0.8 Fighting
 - Level 2.4 Dodging
 + Level 7.1 Stealth
 + Level 7.4 Spellcasting
 + Level 5.5 Transmutations
 + Level 6.5 Earth Magic


You had 14 spell levels left.
You knew the following spells:

 Your Spells              Type           Power      Damage    Failure   Level
a - Sandblast             Erth           76%        2d16      1%          1
p - Passwall              Tmut/Erth      30%        N/A       1%          2
t - Petrify               Tmut/Erth      36%        N/A       6%          4

Your spell library contained the following spells:

 Spells                   Type           Power      Damage    Failure   Level
 Stone Arrow              Conj/Erth      46%        3d9       6%          3
 Necrotise                Necr           32%        1d5       8%          1
 Slow                     Hex            32%        N/A       8%          1
 Confusing Touch          Hex            8%         N/A       22%         3
 Ozocubu's Armour         Ice            8%         N/A       22%         3
 Vampiric Draining        Necr           8%         2d6       22%         3
 Agony                    Necr           8%         N/A       90%         5
 Ozocubu's Refrigeration  Ice            4%         4d8       100%        7


Dungeon Overview and Level Annotations

Branches:
Dungeon (6/15)              Sewer (visited)
 Temple: D:4-7

Altars:
Cheibriados
Gozag
Kikubaaqudgha
Makhleb
Qazlal
Trog
Uskayaw
The Shining One

Shops:
D:2 (

Annotations:
D:4 Dowan, Duvessa


Message History

An orc priest comes into view. It is wielding a +0 dagger.
You bump into the rock wall.
You bump into the rock wall.
You feel less confused.
The orc priest begins to cast a cantrip, but forgets the words!
The orc hits you but does no damage.
The blast of sand hits the orc but does no damage.
The orc closely misses you.
You miscast Sandblast.
You are very lightly contaminated with residual magic.
Nothing appears to happen.
Something hits you but does no damage.
The blast of sand hits the orc!
You kill the orc!
Something hits you.
The blast of sand hits something.
Something hits you but does no damage. x2
The blast of sand hits something!
Something hits you but does no damage.
The blast of sand hits something!!
Reactivating autopickup.
You feel a bit more experienced. The orc hits you with a +0 falchion.
Your magical contamination has completely faded away.
The blast of sand hits the orc!
You kill the orc!
The orc priest casts a cantrip, but nothing happens.
The blast of sand hits the ogre!
The ogre is heavily wounded.
The ogre hits you with a +0 giant spiked club!!
Ouch! That really hurt!
You are too injured to fight recklessly!
You are too injured to fight recklessly!
The ogre attacks as you move away! The ogre barely misses you.
The orc priest miscasts a cantrip.
Found 4 stones.
The orc priest mumbles some strange prayers to Beogh against you.
Beogh smites you!
* * * LOW HITPOINT WARNING * * *
Found a scroll labelled JEIWNENWUEFF.
You see here 4 stones.
The ogre attacks as you move away!
The ogre hits you with a +0 giant spiked club!
You die...

#.# .. #####.## ...# #.#
##....... #..#####.##
#...##.## #..##..... # .
#..... ##..##....# ?# #
#..... ....##.#..# #.# #.
#.....
....##....#######.#.###.#
#..... .....##.....o..O@#
#..)..###.....
..).....#.#######.#
#.#...##### ..........#
#.# ##.##.## ....###o###
.###...#.# ....# #.#
.........# ###O# #.#
####...#.###### #o# #.#
##.##....... ###.# #.#
#..........# ....###.#
#.###..###.#


You could see an ogre and an orc priest.

Vanquished Creatures
  A water moccasin (D:6)
  A sky beast (D:6)
  4 black bears
  2 phantoms
  A scorpion (D:4)
  A howler monkey (D:6)
  2 hounds (D:5)
  5 jellies
  Crazy Yiuf (D:3)
  2 orc wizards
  2 iguanas
  6 gnolls (D:5)
  7 adders
  2 river rats (Sewer)
  3 ufetubi
  3 worms
  13 orcs
  7 bats
  21 endoplasms
  6 giant cockroaches
  2 goblins
  6 hobgoblins
  3 quokkas
  7 ball pythons
  7 frilled lizards
  13 kobolds
  15 rats
143 creatures vanquished.

Notes
Turn   | Place    | Note
-------+----------+-------------------------------------------
     0 | D:1      | mopl the Deep Elf Earth Elementalist began the quest for
                  | the Orb.
     0 | D:1      | Reached XP level 1. HP: 10/10 MP: 6/6
    90 | D:1      | Reached XP level 2. HP: 15/15 MP: 4/8
   195 | D:1      | Reached skill level 3 in Stealth
   209 | D:1      | Learned a level 2 spell: Passwall
   411 | D:1      | Reached XP level 3. HP: 19/19 MP: 6/10
   528 | D:1      | Reached skill level 2 in Transmutations
   737 | D:2      | Found Ruog's Antique Weapon Boutique.
   870 | D:2      | Found a faded altar of an unknown god.
  1153 | D:2      | Noticed a black bear
  1155 | D:2      | Killed a black bear
  1156 | D:2      | Reached skill level 4 in Stealth
  1156 | D:2      | Reached skill level 4 in Spellcasting
  1156 | D:2      | Reached skill level 4 in Earth Magic
  1156 | D:2      | Reached XP level 4. HP: 24/24 MP: 9/12
  1156 | D:2      | Reached XP level 5. HP: 28/28 MP: 9/13
  1346 | D:3      | Learned a level 4 spell: Petrify
  1379 | D:3      | Found a snail-covered altar of Cheibriados.
  1577 | D:3      | Found a runed translucent door.
  1578 | D:3      | Noticed Crazy Yiuf
  1732 | D:3      | Found a burning altar of Makhleb.
  1828 | D:3      | Found an opulent altar of Gozag.
  2304 | D:3      | Killed Crazy Yiuf
  2305 | D:3      | Reached skill level 3 in Transmutations
  2465 | D:4      | Reached skill level 5 in Spellcasting
  2465 | D:4      | Reached XP level 6. HP: 21/32 MP: 11/15
  2482 | D:4      | Found a bloodstained altar of Trog.
  2483 | D:4      | Found an ancient bone altar of Kikubaaqudgha.
  2485 | D:4      | Found a glowing golden altar of the Shining One.
  2503 | D:4      | Found a glowing drain.
  2529 | Sewer    | Entered a sewer
  2737 | Sewer    | Found a viscous altar of Jiyva.
  2742 | Sewer    | Reached skill level 5 in Stealth
  2812 | Sewer    | Reached skill level 5 in Earth Magic
  3378 | D:4      | Reached skill level 4 in Transmutations
  3378 | D:4      | Reached XP level 7. HP: 36/36 MP: 12/17
  3481 | D:4      | Noticed Duvessa
  3482 | D:4      | Noticed Dowan
  3799 | D:5      | Entered Level 5 of the Dungeon
  3808 | D:5      | Reached skill level 6 in Spellcasting
  3828 | D:5      | Noticed a +0 spear
  3828 | D:5      | Noticed a +0 dagger
  3828 | D:5      | Noticed a +0 spear
  3829 | D:5      | Noticed a +0 falchion
  3829 | D:5      | Noticed a +0 dagger
  3829 | D:5      | Noticed a +0 short sword
  3829 | D:5      | Noticed a +0 short sword
  3829 | D:5      | Noticed a +0 falchion
  3851 | D:5      | Found a hide-covered altar of Uskayaw.
  3888 | D:5      | Reached skill level 6 in Stealth
  4231 | D:5      | Found a stormy altar of Qazlal.
  4235 | D:5      | Reached skill level 5 in Transmutations
  4235 | D:5      | Reached skill level 6 in Earth Magic
  4235 | D:5      | Reached XP level 8. HP: 41/41 MP: 17/20
  4627 | D:6      | Reached skill level 7 in Spellcasting
  4757 | D:6      | Reached skill level 7 in Stealth
  5014 | D:6      | Mangled by an ogre

Illustrated notes

Levels and vault maps discovered:
D:1:      heliophobic_arrival_enchanted_forest, layout_rooms,
          minmay_misc_feat_secret_circle, solitary_fountain,
          minmay_rat_gold_closets
D:2:      layout_basic, ebering_ecumenical_altar_hall, serial_shops, shop
D:3:      cheibrodos_helix_gallery, layout_basic, mainiacjoe_overflow_alcove_2,
          cheibriados_altar_1, bloody_makhleb, minmay_stone_trees_small,
          roderic_serpentine_path, uniq_crazy_yiuf_cottage
D:4:      layout_loops_corners, chequers_temple_overflow_statue_of_worship,
          cheibrodos_sewer_entry_bend, uniq_duvessa
D:5:      layout_gridville, nicolae_uskayaw_en_pointe,
          mainiacjoe_overflow_alcove_4, kennysheep_generic_room_9
D:6:      layout_loops_ring

Skill      XL: |  1  2  3  4  5  6  7  8 |
---------------+-------------------------+-----
Stealth        | 3 4 5 6 7 |  7.1
Transmutations | 2 3 4 5 |  5.5
Spellcasting   | 4 5 6 7 |  7.4
Earth Magic    | 4 5 6 |  6.5
Fighting       | |  0.8
Dodging        | |  2.4

Action                     |  1- 3 |  4- 6 |  7- 9 || total
---------------------------+-------+-------+-------++-------
  Melee: Unarmed           |     1 |       |       ||     1
         Dagger            |    25 |     5 |     4 ||    34
   Cast: Sandblast         |    54 |    80 |    65 ||   199
         Petrify           |       |     2 |     2 ||     4
         Passwall          |       |       |     2 ||     2
    Use: Scroll            |       |     6 |     2 ||     8
         Potion            |       |       |     1 ||     1
   Stab: Sleeping          |     6 |       |     2 ||     8
         Petrified         |       |     2 |       ||     2
 Armour: Robe              |    11 |     4 |    13 ||    28
  Dodge: Dodged            |    20 |    16 |    35 ||    71
  Block: Other             |       |     6 |       ||     6

Table legend: (Time is in decaauts)
 A = Elapsed time spent in this place.
 B = Non-inter-level travel time spent in this place.
 C = Inter-level travel time spent in this place.
 D = Time resting spent in this place.
 E = Time spent auto-exploring this place.
 F = Levels seen in this place.
 G = Mean time per level.
                   A        B        C        D        E       F      G
               +--------+--------+--------+--------+--------+-----+--------+
         Total |   5143 |   4932 |    211 |    280 |   3609 |   7 |  734.7 |
       Dungeon |   4771 |   4560 |    211 |    157 |   3500 |   6 |  795.2 |
         Sewer |    371 |    371 |      0 |    123 |    109 |   1 |  371.0 |
               +--------+--------+--------+--------+--------+-----+--------+

Top non-repeatable levels by time:
     D:3: 1154 daAuts
     D:4: 1006 daAuts
     D:5: 841 daAuts
     D:2: 814 daAuts
     D:1: 551 daAuts
     D:6: 402 daAuts
   Sewer: 371 daAuts
